Unix NetHack Version 3.7.0-94 Work-in-progress - last build Dec 18 2023 00:11:04 (7e3deff068b9ef4f2ebb9a71ea0f5c4a3b578a14,branch:master). Game began 2023-12-19 15:29:35, ended 2023-12-19 15:45:57. elenmirie, neutral female gnomish Healer -------------------------------- |............................... |.-----..---------...--|-......| |.|(m@-d.-..| ...|...|..|......| #|)|((@|..|..| ..|...|..|.. .| ##%%|((.|..|------|-...|--|.. | #|.|-----.|!!|..|.....| |.. |.|....|.|!%|..|.....| |.---- |.|._..|.|..|-|-..{..-+--.-..| |.|....|.--|-.............| .| |.|....-......-|-----.-+--- -- |.|-------..%.|.. +.| |.|.]%| |....|..| |.| |.-.%!| |.(..|..|---.| |.------+-...)----.{..----- -- | |..............................| -------------------------------- Elenmirie the Rhizotomist St:7 Dx:12 Co:16 In:9 Wi:15 Ch:18 Neutral Dlvl:7 $:488 HP:0(19) Pw:15(15) AC:3 Xp:2/39 T:1730 Burdened Latest messages: j - an uncursed horn. e - an uncursed key. x - an uncursed towel. Your movements are slowed slightly because of your load. What do you want to use or apply? [egijlvxOP or ?*] ? Improvise? [ynq] (q) y You start playing your horn. You produce a frightful, grave sound. Yermak turns to flee. What do you want to call? [ceh-juBDFHIKLNOQ-Z or ?*] j Call a horn: tooled "Hello, elenmirie! Welcome to Yawolloh's hardware store!" a - an uncursed +0 scalpel (weapon in right hand). You hit the giant bat. The giant bat bites! Yermak misses the giant bat. The giant bat misses! You hit the giant bat. The giant bat bites! Yermak bites the giant bat. The giant bat misses Yermak. The giant bat bites! Yermak bites the giant bat. The giant bat is killed! Yermak eats a giant bat corpse. Wait! That's a small mimic! What do you want to drink? [cdfhoK-MW-Z or ?*] ? You feel better. You miss the small mimic. You miss the small mimic. You hit the small mimic. You hit the small mimic. You hit the small mimic. The small mimic hits! You hit the small mimic. The small mimic just misses! What do you want to drink? [cdfhoK-MW-Z or ?*] ? You feel better. The small mimic hits! You miss the small mimic. The small mimic hits! You hit the small mimic. The small mimic hits! You die... Yawolloh gratefully inherits all your possessions. Do you want to see what you had when you died? [ynq] (y) y Do you want to see your attributes? [ynq] (y) y Do you want an account of creatures vanquished? [ynaq] (y) y Do you want to see your conduct and achievements? [ynq] (y) y Do you want to see the dungeon overview? [ynq] (y) y Inventory: Coins $ - 488 gold pieces Amulets D - a cursed amulet of guarding Weapons A - 13 blessed +0 darts w - 17 uncursed +0 darts y - 46 cursed -2 darts a - an uncursed +0 scalpel (weapon in right hand) Armor b - an uncursed +1 pair of leather gloves (being worn) E - a cursed +2 pair of leather gloves F - a cursed +0 pair of low boots r - an uncursed +0 oilskin cloak (being worn) G - a cursed +1 robe Comestibles k - 6 uncursed apples C - an uncursed orange m - an uncursed tripe ration Scrolls Q - an uncursed scroll of amnesia S - an uncursed scroll of confuse monster T - an uncursed scroll of create monster V - 2 uncursed scrolls of enchant weapon I - a cursed scroll of enchant weapon U - an uncursed scroll of food detection B - an uncursed scroll of identify R - 2 uncursed scrolls of light H - a cursed scroll of magic mapping J - a cursed scroll of teleportation Potions f - 4 uncursed potions of extra healing K - a cursed potion of gain energy d - a blessed potion of healing o - 5 uncursed potions of healing M - 2 cursed potions of healing Z - an uncursed potion of invisibility X - 2 uncursed potions of levitation c - an uncursed potion of monster detection h - a blessed potion of polymorph W - an uncursed potion of restore ability L - a cursed potion of sleeping Y - a potion of holy water Rings u - an uncursed +2 ring of adornment N - a cursed ring of polymorph Wands v - an uncursed wand of digging (0:5) O - a cursed wand of magic missile (0:4) g - an uncursed wand of sleep (0:6) Tools i - an empty cursed bag of holding j - an uncursed tooled horn l - an uncursed oil lamp (lit) e - an uncursed skeleton key P - an uncursed stethoscope x - an uncursed towel Elenmirie the Healer's attributes: Background: You were a Rhizotomist, a level 2 female gnomish Healer. You were neutral, on a mission for Hermes who was opposed by Athena (lawful) and Poseidon (chaotic). You were right-handed. You were in the Gnomish Mines, on level 7. You entered the dungeon 1730 turns ago. You had 39 experience points, 1 more was needed to attain level 3. Basics: You had 0 out of 19 hit points. You had all 15 energy points (spell power). Your armor class was 3. Your wallet contained 488 zorkmids. Autopickup was on for '$' plus thrown. Final Characteristics: Your strength was 7 (limit:18/50). Your dexterity was 12 (limit:18). Your constitution was 16 (limit:18). Your intelligence was 9 (limit:19). Your wisdom was 15 (limit:18). Your charisma was 18 (limit:18). Final Status: You weren't hungry. You were burdened; movement was slightly slowed. You were wielding a knife. You had basic skill with knife. Final Attributes: You were devoutly aligned. You were poison resistant. You were telepathic. You had infravision. You had a small defense bonus (+4). You were guarded. You are dead. Miscellaneous: You encountered 2 bones levels. Total elapsed playing time was 16 minutes and 20 seconds. Major events: Turn 1: elenmirie the neutral female gnomish Healer entered the dungeon 1381: entered the Gnomish Mines 1529: reached Mine Town 1664: destroyed tizreader's ghost, the former Initiate 1730: killed by a small mimic Vanquished creatures: a ghost a gnome ruler a water nymph 2 shriekers a floating eye a dwarf a giant bat 2 large kobolds 2 giant rats 2 gnomes 3 geckos 5 jackals a fox a goblin 2 sewer rats a grid bug 4 lichens 7 newts 38 creatures vanquished. No species were genocided or became extinct. Voluntary challenges: You were illiterate. You never engraved Elbereth. You never genocided any monsters. You never polymorphed an object. You never changed form. You used no wishes. Achievements: You entered a shop. You entered the Gnomish Mines. You entered Minetown. You entered a temple. The Dungeons of Doom: levels 1 to 4 Level 1: A fountain. Level 2: Level 3: A general store, a fountain. Level 4: Stairs down to The Gnomish Mines. The Gnomish Mines: levels 5 to 7 Level 5: Final resting place for roisto-Bar-Hum-Mal-Neu, killed by a rothe. Level 6: Level 7: <- You were here. A shop, a temple and an altar, some fountains, a grave. Final resting place for you, killed by a small mimic, tizreader-Mon-Hum-Mal-Cha, killed by a gnome king. Game over: ---------- / \ / REST \ / IN \ / PEACE \ / \ | elenmirie | | 0 Au | | killed by a | | small mimic | | | | | | 2023 | *| * * * | * _________)/\\_//(\/(/\)/\//\/|_)_______ Goodbye elenmirie the Healer... You died in The Gnomish Mines on dungeon level 7 with 710 points, and 0 pieces of gold, after 1730 moves. You were level 2 with a maximum of 19 hit points when you died.